Cogmind - Beta 13 @@@ ROGUE MODE // 2024.07.02 @ 01:09:43 Player: celerysam Result: Destroyed by S-10 Pest with Light Assault Rifle Performance ------------- Evolutions (1) 500 Regions Visited (2) 400 Robots Destroyed (12) 60 Value Destroyed (363) 363 Prototype IDs (0) 0 Alien Tech Used (0) 0 Bonus (0) 0 TOTAL SCORE: 1323 Bonus ------- None Cogmind --------- Core Integrity 0/400 Matter 276/300 Energy 210/250 System Corruption 0% Temperature Cool (17) Movement Core (200) Ox3 Location -9/Materials Parts ------- > --- POWER (1) -------- Ion Engine > --- PROPULSION (4) --- (None) > --- UTILITY (2) ------ ECM Suite > --- WEAPON (2) ------- EMP Blaster > --- INVENTORY (5) ---- Medium Storage Unit Weight Redist. System Sensor Array Targeting Computer Mining Laser Peak State ------------ > --- POWER ------------ Improved Ion Engine > --- PROPULSION ------- Light Treads Light Treads Wheel Compact Wheel > --- UTILITY ---------- Medium Storage Unit ECM Suite > --- WEAPON ----------- Medium Laser Assault Rifle > --- INVENTORY -------- Ion Engine Light Treads Aluminum Leg Aluminum Leg Small Storage Unit Weight Redist. System Sensor Array Targeting Computer Beam Rifle Mining Laser [Rating: 11] Favorites ----------- Power Light Ion Engine Engine Light Ion Engine Propulsion Light Treads Treads Light Treads Leg Aluminum Leg Wheel Wheel Utility ECM Suite Device ECM Suite Storage Medium Storage Unit Weapon Medium Laser Energy Gun Medium Laser Ballistic Gun Assault Rifle Launcher Grenade Launcher Special Weapon Mining Laser Build | -11 -10 -9 ------- Run | Yrd Mat Mat Slots Evolved 2 | . . 2 Power . | . . . Propulsion 2 | . . 2 Utility . | . . . Weapon . | . . . Parts Attached 22 | 4 5 13 Power 3 | 1 . 2 Engine 3 | 1 . 2 Core . | . . . Reactor . | . . . Propulsion 8 | 2 . 6 Treads 3 | . . 3 Leg 3 | . . 3 Wheel 2 | 2 . . Hover . | . . . Flight . | . . . Utility 4 | 1 2 1 Device 1 | . 1 . Storage 3 | 1 1 1 Processor . | . . . Hackware . | . . . Protection . | . . . Artifact . | . . . Weapon 7 | . 3 4 Energy Gun 2 | . 1 1 Energy Cannon . | . . . Ballistic Gun 2 | . 1 1 Ballistic Cannon . | . . . Launcher 2 | . 1 1 Special Weapon 1 | . . 1 Impact Weapon . | . . . Slashing Weapon . | . . . Piercing Weapon . | . . . Special Melee Weapon . | . . . Unidentified Prototypes . | . . . Parts Lost 14 | . . 14 Power 1 | . . 1 Propulsion 8 | . . 8 Utility . | . . . Weapon 5 | . . 5 Highest Loss Streak 8 | . . 8 To Critical Strikes . | . . . Average Slot Usage (%) 82 | . 91 80 Engine 10 | . 14 9 Treads 9 | . . 12 Leg 6 | . . 8 Wheel 15 | . 28 11 Device 9 | . 5 11 Storage 11 | . 14 10 Energy Gun 10 | . 14 9 Ballistic Gun 3 | . 4 3 Launcher 4 | . 9 2 Naked Turns . | . . . Heaviest Build 23 | 8 23 23 Greatest Support 26 | 26 26 26 Greatest Overweight (x) 5 | . . 5 Average Overweight (x) . | . . . Largest Inventory Capacity 10 | 8 10 10 Average Capacity 9 | 7 8 9 Most Carried 10 | 8 10 10 Average Carried 7 | 4 8 7 Final Capacity 10 | 8 10 5 Final Carried 10 | 8 10 5 Class Distribution -------------------- 100% | Mutant Dominant Class ---------------- Mutant | -10/Materials Mutant | -9/Materials Resources | -11 -10 -9 ----------- Run | Yrd Mat Mat Matter Collected 393 | 240 2 151 Remotely . | . . . Salvage Created 353 | . 23 330 Parts 25 | . 4 21 Haulers Intercepted . | . . . Recyclers Shooed 2 | . 1 1 Parts Field Recycled . | . . . Retrieved Matter . | . . . Parts Self-Destructed . | . . . Prevented . | . . . Kills | -11 -10 -9 ------- Run | Yrd Mat Mat Combat Hostiles Destroyed 12 | . 3 9 Guns 4 | . 1 3 Cannons 1 | . . 1 AOE 6 | . 2 4 Classes Destroyed 3 | . 1 2 Swarmer 5 | . 3 2 Grunt 5 | . . 5 Sentry 2 | . . 2 Best Kill Streak 4 | . 3 4 Combat Bots Only 4 | . 3 4 Max Kills in Single Turn 4 | . 2 4 Gunslinging . | . . . Exploded 4 | . 2 4 Melee . | . . . Uniques/NPCs Destroyed . | . . . Combat | -11 -10 -9 -------- Run | Yrd Mat Mat Hostile Shots Fired 180 | . 7 173 Missed 36 | . 2 34 Damage Taken 1804 | . 50 1754 Core 413 | . 12 401 Absorbed by Shields . | . . . Core Remaining (%) 97 | 100 95 . Volleys Fired 42 | . 5 37 Largest 2 | . 2 2 Hottest 156 | . 80 156 Shots Fired 56 | . 6 50 Gun 52 | . 5 47 Cannon . | . . . Launcher 2 | . 1 1 Special 2 | . . 2 Kinetic 11 | . . 11 Thermal 43 | . 5 38 Explosive 1 | . 1 . Electromagnetic 1 | . . 1 Robot Hit Streak 6 | . 2 6 Robot Miss Streak 3 | . 2 3 Penetration Max . | . . . Secondary Targets 1 | . . 1 Max Gunslinging Chain 1 | . . 1 Shots Hit Robots 34 | . 2 32 Core Hits 16 | . 2 14 Critical Kills . | . . . Critical Parts Destroyed . | . . . Critical Strikes 1 | . . 1 Burn 1 | . . 1 Melee Attacks . | . . . Impact . | . . . Slashing . | . . . Piercing . | . . . Sneak Attacks . | . . . Combat Hostiles . | . . . Follow-up Attacks . | . . . Damage Inflicted 990 | . 171 819 Guns 427 | . 26 401 Cannons . | . . . Explosions 539 | . 145 394 Melee . | . . . Ramming . | . . . Kinetic 114 | . . 114 Thermal 666 | . 26 640 Explosive 145 | . 145 . Electromagnetic 65 | . . 65 Impact . | . . . Slashing . | . . . Piercing . | . . . Highest Corruption . | . . . Average Corruption . | . . . Corruption Purged . | . . . Corruption Blocked . | . . . Overload Shots . | . . . Overflow Damage 92 | . 28 64 Projectiles . | . . . Explosions 92 | . 28 64 Melee . | . . . Knockbacks . | . . . Impact . | . . . Kinetic . | . . . Secondary . | . . . Self-Inflicted Damage 71 | . 15 56 Shots 3 | . 1 2 Rammed . | . . . Targets Rammed . | . . . Kicked . | . . . Crushed . | . . . Highest Temperature 273 | . 48 273 Average Temperature 90 | . 28 97 Received Heat Transfer 867 | . . 867 Siege Activations . | . . . Robots Corrupted . | . . . Combat Hostiles . | . . . Parts Fried . | . . . Impact Corruptions . | . . . Robots Melted 1 | . . 1 Combat Hostiles 1 | . . 1 Parts Melted 3 | . . 3 Heat Transferred 1175 | . 74 1101 Parts Sabotaged . | . . . Parts Stolen . | . . . Parts Stripped . | . . . Power Chain Reactions . | . . . Alert | -11 -10 -9 ------- Run | Yrd Mat Mat Peak Influence 212 | . 77 212 Initial 32 | . . 32 Average 51 | . 46 63 Maximum Alert Level 1 | . . 1 Low Security (%) 99 | 100 100 99 Level 1 . | . . . Level 2 . | . . . Level 3 . | . . . Level 4 . | . . . Level 5 . | . . . High Security . | . . . Max Security . | . . . Squads Dispatched 1 | . . 1 Investigation . | . . . Extermination . | . . . Reinforcement 1 | . . 1 Assault . | . . . Garrison . | . . . Intercept . | . . . Searches Triggered . | . . . Construction Impeded . | . . . Haulers Reinforced . | . . . Active Scanning Responses . | . . . Cargo Convoy Interrupts . | . . . Stealth | -11 -10 -9 --------- Run | Yrd Mat Mat Distress Signals 7 | . . 7 Communications Jammed . | . . . Distress Signals . | . . . Times Spotted 23 | . 3 20 Peak Tracking Total 8 | . 3 8 Tactical Retreats 3 | . . 3 Traps | -11 -10 -9 ------- Run | Yrd Mat Mat Traps Triggered . | . . . Indirectly . | . . . Trap Hack Attempts . | . . . Triggered . | . . . Disarmed . | . . . Reprogrammed . | . . . Reused . | . . . Traps Extracted . | . . . Installed . | . . . Triggered . | . . . Machines | -11 -10 -9 ---------- Run | Yrd Mat Mat Machines Disabled 4 | . . 4 Max in Single Turn 4 | . . 4 Machines Repaired . | . . . Machines Dismantled . | . . . Machines Sabotaged . | . . . Overloaded Fab Kills . | . . . Hacking | -11 -10 -9 --------- Run | Yrd Mat Mat Machines Accessed . | . . . Terminals . | . . . Fabricators . | . . . Repair Stations . | . . . Recycling Units . | . . . Scanalyzers . | . . . Garrison Access . | . . . Total Hacks . | . . . Successful . | . . . Failed . | . . . Catastrophic . | . . . Database Lockouts . | . . . Manual . | . . . Terminals . | . . . Fabricators . | . . . Repair Stations . | . . . Recycling Units . | . . . Scanalyzers . | . . . Garrison Access . | . . . Terminal Hacks . | . . . Fabricator Hacks . | . . . Repair Station Hacks . | . . . Recycling Unit Hacks . | . . . Scanalyzer . | . . . Garrison Access Hacks . | . . . Unauthorized Hacks . | . . . Terminals . | . . . Fabricators . | . . . Repair Stations . | . . . Recycling Units . | . . . Scanalyzers . | . . . Garrison Access . | . . . Data Cores Recovered . | . . . Used . | . . . Hacking Detections . | . . . Full Trace Events . | . . . Feedback Events . | . . . Feedback Blocked . | . . . Robot Schematics Acquired . | . . . Robots Built . | . . . Authchips . | . . . Time . | . . . Total Robot Build Rating . | . . . Part Schematics Acquired . | . . . Parts Built . | . . . Authchips . | . . . Time . | . . . Total Part Build Rating . | . . . Parts Repaired . | . . . Time . | . . . Parts Recycled . | . . . Recycled Matter . | . . . Retrieved Matter . | . . . Retrieved Components . | . . . Parts Scanalyzed . | . . . Part Schematics Acquired . | . . . Parts Damaged . | . . . Bothacking | -11 -10 -9 ------------ Run | Yrd Mat Mat Used RIF Installer . | . . . Robots Hacked . | . . . Non-combat . | . . . Combat . | . . . Robot Hacks Applied . | . . . Relay Couplers Released . | . . . Fabnet Peak Effective % . | . . . Robots Rewired . | . . . Allies Hacked . | . . . Hacks Repelled . | . . . Allies | -11 -10 -9 -------- Run | Yrd Mat Mat Total Allies . | . . . Largest Group . | . . . Highest-Rated Group . | . . . Highest-Rated Ally . | . . . Total Orders . | . . . Ally Attacks . | . . . Total Damage . | . . . Kills . | . . . Allies Corrupted . | . . . Allies Melted . | . . . Intel | -11 -10 -9 ------- Run | Yrd Mat Mat Robot Analysis Total . | . . . Derelict Logs Recovered . | . . . Drone Launches . | . . . Drone Recoveries . | . . . Exploration | -11 -10 -9 ------------- Run | Yrd Mat Mat Turns Passed 467 | 59 109 299 Spaces Moved 308 | 53 96 159 Core 20 | 12 . 8 Treads . | . . . Legs 40 | . . 40 Wheels 248 | 41 96 111 Hover . | . . . Flight . | . . . Fastest Speed 50 | 50 90 90 Average Speed 99 | 80 90 111 Slowest Speed 300 | 90 90 300 Overloaded Moves . | . . . Propulsion Burnouts . | . . . Robots Hopped . | . . . Cave-ins Triggered . | . . . Exploration Rate (%) 15 | 3 23 21 Regions Visited 2 Branch Regions . Pre-discovered Areas . | . . . Known Exits Taken . | . . . Unknown Exits Taken 2 | 1 1 . Scrap Searched . | . . . Spaces Dug . | . . . Terrain Destroyed 24 | . 6 18 Melee . | . . . Projectile 1 | . . 1 AOE 23 | . 6 17 Terrain Rammed . | . . . Walls Destroyed . | . . . Machines Disabled . | . . . Actions | -11 -10 -9 --------- Run | Yrd Mat Mat Total 406 | 68 111 227 Wait 11 | . . 11 Move 306 | 52 95 159 Hop . | . . . Pick Up 22 | 12 5 5 Fast Attach 2 | . 1 1 Attach 16 | 4 2 10 Detach . | . . . Swap 4 | . 2 2 Drop 3 | . 1 2 Fire 42 | . 5 37 Melee . | . . . Ram . | . . . Kick . | . . . Crush . | . . . Escape Stasis . | . . . Rewire . | . . . Trap . | . . . Miscellaneous . | . . . Route ------- -11/Scrapyard -10/Materials -9/Materials History --------- Turn | Location | Event 22 | -11/Scrapyard | Discovered new exit (range 15) 60 | -11/Scrapyard | Entered Materials 148 | -10/Materials | Discovered new exit (range 12) 169 | -10/Materials | Entered another Materials area 169 | -9/Materials | Evolved 2 slots: Propulsion x2 305 | -9/Materials | Build established: Mutant 393 | -9/Materials | Lost 8 parts (5n3w) 416 | -9/Materials | Core integrity fell below 50% 466 | -9/Materials | Core integrity fell below 20% 468 | -9/Materials | Destroyed by S-10 Pest with Light Assault Rifle Last Messages --------------- 00412_ Acquired 28 matter. 00417_ Aluminum Leg destroyed. 00418_ Acquired Aluminum Leg. 00421_ Beam Rifle destroyed. 00430_ Acquired 20 matter. 00437_ Aluminum Leg destroyed. 00454_ W-16 Scout sends out distress signal. 00459_ Dropped Sml. Storage Unit. 00465_ Acquired EMP Blaster. 00467_ S-10 Pest destroyed. 00467_ Fusion Modulator explodes. 00467_ S-10 Pest destroyed. 00467_ G-34 Mercenary destroyed. 00467_ Destroyed Aluminum Leg. 00467_ G-34 Mercenary destroyed. 00467_ Destroyed Tractor Beam. 00467_ Destroyed Com. Wheel. 00467_ Scanalyzer disabled. 00467_ Electrolysis Chamber disabled. 00467_ Terminal disabled. Map ----- +----------------------------------------------------+ | ?????????????????????????????????????????????????? | | ?????????????????????????????????????????????????? | | ?????????????????????????????????????????????????? | | ?????????????????????????????????????????????????? | | ?????????????????????????????????????????????????? | | ?????????????????????????????????????????????????? | | ?????????????????????????????????????????????????? | | ?????????????????????????????????????????????????? | | ?????????????????????????????????????????????????? | | ?????????????????????????????????????????????????? | | ?????????????????????????????????????????????????? | | ?????????????????????????????????????????????????? | | ??????????????????????????????????? ?????????????? | | ??????????????????????????????????? +???????????? | | ???????????????????????##????###??? #???????????? | | ???????????????????????# ??? ??? #???????????? | | ???????????????????????# ? "" # #???????????? | | ???????????????????????+ T" # #???????????? | | ???????????????????????# """ w"" # #???????????? | | ???????????????????????# """ a # #???????????? | | ???????????????????????# "" + #???????????? | | ???????????????????????# ; #???????????? | | ???????????????????????# # #???????????? | | ???????????????????????#;;;;;;;;;; ##??????????? | | ???????????????????????# g =; ###########? | | ???????????????????????# @ r; T ? | | ???????????????????????# ! = ; " | | ???????????????????????# s = ; a ? | | ???????????????????????# ==% ;r #####??????? | | ???????????????????????# ;; #######?????? | | ???????????????????????# "" ## # #?????? | | ???????????????????????# "" ## %#! #?????? | | ???????????????????????# ## +% #?????? | | ???????????????????????## ######## #% #?????? | | ????????????????????????##???????# # #?????? | | ?????????????????????????????????# # #?????? | | ?????????????????????????????????# # #?????? | | ?????????????????????????????????# # #?????? | | ?????????????????????????????????# # #?????? | | ?????????????????????????????????# # #?????? | | ?????????????????????????????????# # #?????? | | ????????????????????????#######??# # #?????? | | ????????????????????????# # #######?????? | | ????????????????????????# """" # #???????????? | | ????????????????????????# """" # #???????????? | | ????????????????????????# """" # #???????????? | | ????????????????????????# # % #???????????? | | ????????????????????????# """" # #???????????? | | ????????????????????????#! """" # #???????????? | | ????????????????????????# """" # #???????????? | +----------------------------------------------------+ Best States ------------- Heat Dissipation 28 Energy Generation 12 Energy Capacity 265 Matter Stores 300 Matter Capacity 300 Sight Range 16 Terrain Scan Density 10 ECM Strength 1 Evasion (%) 55 Recoil Reduction 1 Item Schematics ----------------- None Robot Schematics ------------------ None Fabricated ------------ Nothing Alien Tech Used ----------------- None Achievements -------------- None Challenges ------------ None Game ------ Seed SpreadMobileRigger Manual? 0 Play Time 00:08:27 Cumulative 75.5 hours Start 2024.07.02 @ 00:58:50 End 2024.07.02 @ 01:09:43 Sessions 1 Manual Loads 0 Difficulty Rogue Special Mode None Game No. 113 Rogue 113 Adventurer 0 Explorer 0 Win Type - Total 0 Types 0/0/0/0/0/0/0/0/0 Lore% 35 Gallery% 51 Achievement% 33 Wizard Run 0 Options --------- Layout 0 ASCII 0 Keyboard 0 Movement Mouse Keybinds 0 Fullscreen 1 Font 24/Smallcaps Map View 76x50 Zoom Use 0% Tactical HUD 1 Map Filters NONE Filters NONE Steam 1 RUN: 3eca557d-acd5-444f-9832-13f9f1f65bca